 Dungeon Crawl Stone Soup version 0.25.0-11-g1f837a76a1 (webtiles) character file.

Game seed: 15145978926007744102

141092 simples the Warrior (level 16, -1/247 HPs)
             Began as a Minotaur Berserker on June 27, 2020.
             Was the Champion of Trog.
             Succumbed to a sea snake's poison
             ... on level 4 of the Shoals.
             The game lasted 00:57:11 (33105 turns).

simples the Warrior (Minotaur Berserker)           Turns: 33105, Time: 00:57:11

Health: -1/247     AC: 28    Str: 24    XL:     16   Next: 77%
Magic:  15/15      EV: 17    Int:  4    God:    Trog [******]
Gold:   430        SH:  0    Dex: 17    Spells: 15/15 levels left

rFire    + . .     SeeInvis .   M - +6 war axe "Otom" {speed, rF+}
rCold    + . .     Gourm    .   (no shield)
rNeg     + . .     Faith    .   S - +2 plate armour {rF+}
rPois    +         Spirit   .   b - +1 hat {MR+}
rElec    +         Reflect  .   f - +2 cloak {MR+}
rCorr    .         Harm     .   h - +0 pair of gloves {archery}
MR       +++++     NoCast   +   F - +1 pair of boots "Winehyts" {-Cast rPois Str+4}
Stlth    ..........             H - amulet of regeneration
HPRegen  0.91/turn              G - ring "Cireuloy" {Ice rN+ MR+ Str-2 Stlth+}
MPRegen  0.14/turn              B - ring "Muzozeph" {rElec MR+}

@: berserking (expiring), lethally poisoned (-1 -> -24), very quick
A: retaliatory headbutt, horns 2
a: Berserk, Trog's Hand, Brothers in Arms, Renounce Religion


You were on level 4 of the Shoals.
You worshipped Trog.
Trog was exalted by your worship.
You were not hungry.

You visited 4 branches of the dungeon, and saw 27 of its levels.
You also visited: Gauntlet and Volcano.

You collected 2846 gold pieces.
You spent 2416 gold pieces at shops.

Inventory:

Hand Weapons
 M - the +6 war axe "Otom" (weapon) {speed, rF+}
   (You bought it in a shop on level 4 of the Dungeon)

   Attacks with this weapon are significantly faster.
   It protects you from fire.
 P - a +4 broad axe of flaming
 Y - a +1 vorpal executioner's axe
Armour
 b - a +1 hat of magic resistance (worn)
 f - a +2 cloak of magic resistance (worn)
 h - a +0 pair of gloves of archery (worn)
 m - a scarf of invisibility
 F - the +1 pair of boots "Winehyts" (worn) {-Cast rPois Str+4}
   (You found it in a volcano)

   It affects your strength (+4).
   It protects you from poison.
   It prevents spellcasting.
 J - the +8 tower shield of the Twenty Continents {Dex+4}
   (You found it on level 2 of the Shoals)

   It affects your dexterity (+4).
 S - a +2 plate armour of fire resistance (worn)
Jewellery
 e - an uncursed ring of resist corrosion
 p - the ring "Akeodeda" {rF+ Dex+6}
   (You found it on level 4 of the Shoals)

   [ring of dexterity]

   It affects your dexterity (+6).
   It protects you from fire.
 w - an uncursed ring of protection from fire
 B - the ring "Muzozeph" (right hand) {rElec MR+}
   (You found it in a Gauntlet)

   [ring of protection from magic]

   It insulates you from electricity.
   It affects your resistance to hostile enchantments.
 G - the ring "Cireuloy" (left hand) {Ice rN+ MR+ Str-2 Stlth+}
   (You took it off a minotaur in a Gauntlet)

   [ring of ice]

   It enhances your ice magic.
   It affects your strength (-2).
   It makes you vulnerable to fire.
   It protects you from cold.
   It protects you from negative energy.
   It affects your resistance to hostile enchantments.
   It makes you more stealthy.
 H - an amulet of regeneration (around neck)
 R - an uncursed ring of protection from cold
 W - an uncursed ring of flight
Wands
 K - a wand of digging (11)
Scrolls
 g - 6 scrolls of immolation
 i - 4 scrolls of fog
 j - 7 scrolls of magic mapping
 n - 4 scrolls of teleportation
 q - 4 scrolls of enchant armour
 s - 3 scrolls of fear
 y - 10 scrolls of remove curse
 E - 4 scrolls of enchant weapon
 O - 3 scrolls of holy word
 T - a scroll of silence
Potions
 d - 5 potions of invisibility
 k - 4 potions of resistance
 l - 3 potions of might
 o - 3 potions of magic
 u - 4 potions of flight
 v - 2 potions of ambrosia
 x - 6 potions of berserk rage
 z - 3 potions of stabbing
 C - 6 potions of curing
 D - 3 potions of haste
 L - 6 potions of heal wounds {unknown}
 N - 2 potions of cancellation {unknown}
 Q - 4 potions of lignification {unknown}
 U - 3 potions of mutation {unknown}
Comestibles
 c - 43 rations


   Skills:
 * Level 20.3 Fighting
 - Level 16.1 Axes
 + Level 16.8 Armour
 + Level 15.6 Dodging


You had 15 spell levels left.
You didn't know any spells.
Your spell library was empty.

Dungeon Overview and Level Annotations

Branches:
Dungeon (15/15)            Temple (0/1) D:4            Lair (6/6) D:11
 Shoals (4/4) Lair:4       Spider (0/4) Lair:3        Slime (0/5) Lair:6
    Orc (2/2) D:10            Elf (0/3) Orc:2        Vaults (0/5) D:14
 Depths (0/5) D:15        Volcano (visited)         Gauntlet (visited)

Altars:
Ashenzari
Cheibriados
Hepliaklqana
Kikubaaqudgha
Makhleb
Nemelex Xobeh
Qazlal
Ru
Trog
Uskayaw
Vehumet
Wu Jian
Yredelemnul
Zin
Jiyva

Shops:
D:4 (   D:10 =[   D:13 [   Orc:2 %[*(=   Shoals:1 (   Shoals:3 ?

Annotations:
D:3 2 transporters
D:9 Erica
Lair:4 exclusion: 2 oklob plants


Innate Abilities, Weirdness & Mutations

You reflexively headbutt those who attack you in melee.
You have a pair of horns on your head.


Message History

You kill the merfolk impaler!
Trog accepts your kill.
You hear a splash. x2
* * * LOW HITPOINT WARNING * * *
You feel sick.
The merfolk impaler hits you but does no damage.
You slice the merfolk impaler!!
The merfolk impaler is almost dead.
* * * LOW HITPOINT WARNING * * *
You feel sick.
Unknown command.
You hit the merfolk impaler but do no damage.
You headbutt the merfolk impaler.
You kill the merfolk impaler!
Trog accepts your kill.
* * * LOW HITPOINT WARNING * * *
You feel sick.
Unknown command.
You are too berserk!
You die...

(##......P...P≈≈# ≈#w .# #.P≈≈≈≈≈
(##........)≈≈≈## ≈≈ .≈ #.PP≈≈≈≈
##.≈≈......≈≈≈≈###≈#≈#.###.P≈≈≈≈≈
###.......≈≈≈≈≈≈#≈m$≈≈≈≈#..≈≈≈≈≈≈
##≈.....≈≈≈≈≈≈≈##≈≈≈# ###.PP≈≈≈≈
.#..≈≈≈≈≈≈≈≈≈PP≈≈#######≈.PP≈≈≈≈≈
##..≈≈≈≈≈≈≈≈≈≈≈≈)#≈#≈##≈≈PPPP≈≈≈≈
# ≈=..≈≈≈≈≈≈≈)≈)≈≈≈≈≈≈P.PPP≈≈≈≈
≈...≈≈≈≈≈≈.@)..≈≈≈≈≈PPPP≈≈≈≈
≈....≈≈≈...≈≈)..≈≈.P..PP≈≈≈≈
≈....≈.....≈.≈...≈≈≈.PPP≈≈≈≈
≈≈..≈≈..........≈≈≈(...≈≈≈≈≈
≈≈≈≈≈≈≈≈≈≈≈..........#≈≈≈###≈≈≈≈≈
≈≈≈≈≈≈≈≈≈≈≈.)........#######≈≈≈≈≈
≈PPP≈≈≈≈≈≈≈≈.......##(.≈##.###≈≈≈
P≈PPP≈#####≈#......##)..≈...##≈≈≈
PPPP≈≈### ###)(.....##)#.#.≈##≈≈≈


There were no monsters in sight!

Vanquished Creatures
  Rupert (Lair:5)
  Jorgrun (D:14)
  Kirke (D:12)
  A stone giant (Orc:1)
  Nessos (D:14)
  A minotaur (Gauntlet)
  2 merfolk javelineers
  Josephine (D:14)
  10 merfolk impalers
  2 ice dragons (D:15)
  5 centaur warriors
  3 catoblepae (Lair:6)
  A hydra (D:15)
  A deep troll shaman (Lair:6)
  2 merfolk aquamancers
  2 satyrs
  4 two-headed ogres
  4 death yaks (Lair:6)
  3 merfolk avatars
  A tengu warrior (D:13)
  Sonja (D:12)
  A hell knight (Volcano)
  Urug (Lair:1)
  7 skeletal warriors (D:15)
  8 sea snakes
  2 unseen horrors
  2 swamp dragons (Lair:3)
  2 wizards
  Pikel (D:4)
  10 harpies
  5 orc knights
  9 ugly things
  3 orc sorcerers
  6 manticores
  3 deep elf magi
  6 cyclopes
  9 fauns
  21 elephants
  4 centaur zombies
  6 black mambas
  8 water nymphs
  A smoke demon (Volcano)
  4 merfolk sirens
  Psyche (D:12)
  2 minotaur zombies (Gauntlet)
  8 spiny frogs
  An efreet (D:15)
  2 rime drakes
  5 kobold demonologists
  7 komodo dragons
  A red devil (Volcano)
  4 jumping spiders (Lair:3)
  27 merfolk
  3 trolls
  7 wind drakes
  A polar bear (Lair:4)
  16 dream sheep
  4 slime creatures (D:15)
  11 hippogriffs
  5 snapping turtles
  9 flying skulls (Gauntlet)
  6 redbacks (Lair:3)
  39 yaks
  6 wraiths
  A hog (shapeshifter) (D:15)
  8 water elementals
  5 wyverns
  11 hogs
  A human (D:8)
  2 basilisks
  Grum (D:9)
  3 vampire mosquitoes (D:13)
  8 wargs
  2 soldier ants (D:11)
  2 swamp worms (Gauntlet)
  6 porcupines
  10 water moccasins
  4 black bears
  Duvessa (D:5)
  2 ice beasts
  30 orc warriors
  3 sky beasts
  5 necrophages
  A spectral torpor snail (Gauntlet)
  4 slaves (D:4)
  A phantom (D:11)
  12 ogres
  18 wolves
  13 crocodiles
  26 centaurs
  5 big kobolds
  2 gnoll sergeants
  17 bullfrogs
  Dowan (D:5)
  3 scorpions
  3 wyvern skeletons
  11 killer bees
  7 wights
  An electric eel (D:12)
  6 jellies
  4 howler monkeys
  12 crimson imps
  A bullfrog zombie (D:10)
  3 quasits
  16 orc priests
  5 hounds
  4 human zombies (D:12)
  19 orc wizards
  3 bullfrog skeletons
  7 centaur skeletons
  5 iguanas
  A human skeleton (D:12)
  Natasha (twice) (D:2)
  12 worker ants
  A killer bee zombie (D:9)
  A mummy (D:12)
  3 hound skeletons (D:4)
  A howler monkey zombie (D:5)
  8 gnolls
  9 adders
  A howler monkey skeleton (D:11)
  6 shadow imps
  4 oozes
  An adder skeleton (D:7)
  2 worms (D:2)
  2 dart slugs (D:2)
  4 leopard geckos
  106 orcs
  11 bats
  5 bat zombies (D:3)
  5 giant cockroaches
  10 goblins
  8 hobgoblins
  7 jackals
  6 quokkas
  A ball python (D:2)
  5 frilled lizards
  A jackal skeleton (D:7)
  19 kobolds
  A leopard gecko skeleton (D:5)
  2 orc skeletons (D:12)
  A quokka skeleton (D:4)
  A quokka zombie (D:7)
  8 rats
  A rat zombie (D:3)
  A bush (Lair:6)
  2 fungi
  3 plants
909 creatures vanquished.

Vanquished Creatures (collateral kills)
  A dire elephant (Lair:6)
  A hydra (D:11)
  A death scarab (Gauntlet)
  2 death yaks (Lair:6)
  An orc priest (D:10)
  An orc wizard (D:11)
  3 orcs
10 creatures vanquished.

Vanquished Creatures (others)
  A kobold (D:2)
  4 fungi
  4 tentacles (Shoals:4)
9 creatures vanquished.

Grand Total: 928 creatures vanquished

Notes
Turn   | Place    | Note
-------+----------+-------------------------------------------
     0 | D:1      | simples the Minotaur Berserker began the quest for the Orb.
     0 | D:1      | Reached XP level 1. HP: 19/19 MP: 0/0
   137 | D:1      | Reached XP level 2. HP: 27/27 MP: 1/1
   301 | D:1      | Reached skill level 4 in Fighting
  1176 | D:2      | Reached XP level 3. HP: 33/33 MP: 2/2
  1404 | D:2      | Found a stormy altar of Qazlal.
  1411 | D:2      | Reached ** piety under Trog
  1528 | D:2      | Reached XP level 4. HP: 41/41 MP: 3/3
  1632 | D:2      | Found a burning altar of Makhleb.
  1820 | D:2      | Noticed Natasha
  1825 | D:2      | Killed Natasha
  1929 | D:2      | Found a radiant altar of Vehumet.
  1936 | D:2      | Noticed Natasha
  1943 | D:2      | Killed Natasha
  1943 | D:2      | Reached skill level 5 in Axes
  2392 | D:3      | Noticed a centaur
  2397 | D:3      | Killed a centaur
  2397 | D:3      | Reached XP level 5. HP: 31/47 MP: 4/4
  2686 | D:3      | Found an ornate altar of the Wu Jian Council.
  2687 | D:3      | Noticed a hippogriff
  2688 | D:3      | Found a shattered altar of Ashenzari.
  2688 | D:3      | Noticed a centaur
  2691 | D:3      | Found a transporter.
  2700 | D:3      | Found a transporter.
  2909 | D:3      | Found a hide-covered altar of Uskayaw.
  3090 | D:3      | Reached skill level 5 in Fighting
  3182 | D:3      | Reached *** piety under Trog
  3196 | D:3      | Found an ancient bone altar of Kikubaaqudgha.
  3403 | D:4      | Reached XP level 6. HP: 56/56 MP: 5/5
  3560 | D:4      | Found a sparkling altar of Nemelex Xobeh.
  3757 | D:4      | Found Womiss's Weapon Boutique.
  3817 | D:4      | Found a staircase to the Ecumenical Temple.
  4086 | D:4      | Reached XP level 7. HP: 57/61 MP: 6/6
  4117 | D:4      | Noticed Pikel
  4133 | D:4      | Killed Pikel
  4133 | D:4      | Reached skill level 6 in Fighting
  4133 | D:4      | Reached skill level 5 in Armour
  4325 | D:4      | Reached XP level 8. HP: 59/70 MP: 7/7
  4476 | D:4      | Found a bloodstained altar of Trog.
  4565 | D:4      | Found a hazy altar of Hepliaklqana.
  4587 | D:5      | Entered Level 5 of the Dungeon
  4601 | D:5      | Noticed Dowan
  4602 | D:5      | Noticed Duvessa
  4611 | D:5      | Killed Duvessa
  4611 | D:5      | Reached skill level 5 in Dodging
  4670 | D:5      | Killed Dowan
  6084 | D:6      | Reached skill level 7 in Fighting
  6425 | D:6      | Found a radiant altar of Vehumet.
  6450 | D:6      | HP: 2/73 [poisoned by a water moccasin]
  6750 | D:6      | Reached XP level 9. HP: 72/79 MP: 8/8
  7363 | D:7      | Reached skill level 10 in Axes
  7385 | D:7      | Reached **** piety under Trog
  7676 | D:7      | Found a sacrificial altar of Ru.
  7681 | D:7      | Found a snail-covered altar of Cheibriados.
  7766 | D:7      | Reached skill level 8 in Fighting
  7921 | D:7      | Found a shattered altar of Ashenzari.
  8505 | D:8      | Found a glowing silver altar of Zin.
  8608 | D:8      | Reached XP level 10. HP: 84/90 MP: 9/9
  8763 | D:8      | Reached ***** piety under Trog
  8763 | D:8      | Reached skill level 9 in Fighting
  9133 | D:9      | Noticed Erica
  9404 | D:9      | Noticed Grum
  9413 | D:9      | Killed Grum
  9816 | D:9      | You fall into a shaft and drop 1 floor!
  9816 | D:10     | Entered Level 10 of the Dungeon
 10409 | D:10     | Reached XP level 11. HP: 99/99 MP: 10/10
 10650 | D:10     | Found Sunuam's Jewellery Boutique.
 10652 | D:10     | Found Uteatis's Armour Emporium.
 10675 | D:10     | Received a gift from Trog
 10707 | D:10     | Found a staircase to the Orcish Mines.
 10786 | D:10     | Reached skill level 10 in Fighting
 11111 | Orc:1    | Entered Level 1 of the Orcish Mines
 11296 | D:4      | Bought the +6 war axe "Otom" {speed, rF+} for 545 gold
                  | pieces
 12219 | D:11     | Noticed an eight-headed hydra
 12230 | D:11     | Killed a nine-headed hydra
 12230 | D:11     | Reached skill level 10 in Armour
 12318 | D:11     | Found a staircase to the Lair.
 12510 | D:11     | Noticed a deep elf mage
 12518 | D:11     | Killed a deep elf mage
 13061 | D:12     | Noticed a wizard
 13073 | D:12     | Killed a wizard
 13155 | D:12     | Noticed Kirke
 13171 | D:12     | Received a gift from Trog
 13178 | D:12     | Killed Kirke
 13178 | D:12     | Reached skill level 11 in Fighting
 13268 | D:12     | Killed an unseen horror
 13268 | D:12     | Reached XP level 12. HP: 81/110 MP: 11/11
 13482 | D:12     | Reached skill level 10 in Dodging
 13513 | D:12     | Found a basalt altar of Yredelemnul.
 13730 | D:12     | Noticed Psyche
 13730 | D:12     | Noticed Sonja
 13737 | D:12     | Killed Psyche
 13738 | D:12     | Killed Sonja
 14225 | Orc:1    | Reached skill level 15 in Axes
 14439 | Orc:1    | Noticed a stone giant
 14457 | Orc:1    | Killed a stone giant
 14852 | Orc:2    | Entered Level 2 of the Orcish Mines
 15052 | Orc:2    | Found a staircase to the Elven Halls.
 15269 | Orc:2    | Found Agoe's Jewellery Shop.
 15277 | Orc:2    | Bought a cursed ring of protection from cold for 286 gold
                  | pieces
 15689 | Orc:2    | Received a gift from Trog
 15855 | Orc:2    | Reached skill level 12 in Fighting
 17136 | Orc:2    | Found Leulaela's Antique Armour Emporium.
 17136 | Orc:2    | Found Poehefips's Assorted Antiques.
 17138 | Orc:2    | Found Ahis's Antique Weapon Boutique.
 17140 | Orc:2    | Found Visu's Food Shoppe.
 17156 | Orc:2    | Bought a faintly humming plate armour for 728 gold pieces
 17166 | Orc:2    | Identified the cursed +1 plate armour "Nuceip" {MR+} (You
                  | bought it in a shop on level 2 of the Orcish Mines)
 17336 | Lair:1   | Entered Level 1 of the Lair of Beasts
 17430 | Lair:1   | Reached XP level 13. HP: 105/119 MP: 12/12
 17566 | Lair:1   | Noticed Urug
 17579 | Lair:1   | Killed Urug
 18071 | Lair:2   | Found a dark tunnel.
 18080 | Volcano  | Entered a volcano
 18176 | Volcano  | Reached ****** piety under Trog
 18264 | Volcano  | Got a pair of spiked boots
 18270 | Volcano  | Identified the +1 pair of boots "Winehyts" {-Cast rPois
                  | Str+4} (You found it in a volcano)
 18298 | Lair:2   | Reached skill level 13 in Fighting
 18848 | Lair:2   | Received a gift from Trog
 18853 | Lair:2   | Got a transparent battleaxe {god gift}
 18854 | Lair:2   | Identified the +2 battleaxe "Wuomoj" {flame, Str+3} (Trog
                  | gifted it to you on level 2 of the Lair of Beasts)
 19120 | Lair:3   | Found a transporter.
 19163 | Lair:3   | Found a hole to the Spider Nest.
 19349 | Lair:3   | Found a transporter.
 19742 | Lair:3   | Reached skill level 14 in Fighting
 20447 | Lair:4   | Found a staircase to the Shoals.
 21399 | Lair:5   | Reached XP level 14. HP: 115/133 MP: 13/13
 21624 | Lair:5   | Noticed Rupert
 21644 | Lair:5   | Killed Rupert
 21644 | Lair:5   | Reached skill level 15 in Fighting
 22348 | Lair:6   | Entered Level 6 of the Lair of Beasts
 22542 | Lair:6   | Received a gift from Trog
 23171 | Lair:6   | Found a staircase to the Slime Pits.
 23172 | Lair:6   | Found a viscous altar of Jiyva.
 23189 | Lair:6   | Reached skill level 16 in Fighting
 24205 | D:10     | Bought a +4 ring of evasion for 432 gold pieces
 24454 | D:13     | Received a gift from Trog
 24673 | D:13     | Found Ilejeps's Antique Armour Boutique.
 25230 | D:13     | Reached skill level 17 in Fighting
 25276 | D:13     | Reached XP level 15. HP: 119/147 MP: 14/14
 25800 | D:14     | Noticed Nessos
 25820 | D:14     | Killed Nessos
 25830 | D:14     | Found a gate to the Vaults.
 25893 | D:14     | Found a gate leading to a gauntlet.
 25905 | Gauntlet | Entered a Gauntlet
 25905 | Gauntlet | Found a transporter.
 25905 | Gauntlet | Found a transporter.
 25907 | Gauntlet | Found a transporter.
 25907 | Gauntlet | Found a transporter.
 25929 | Gauntlet | Found a transporter.
 25938 | Gauntlet | Found a transporter.
 25941 | Gauntlet | Found a transporter.
 25949 | Gauntlet | Found a transporter.
 25962 | Gauntlet | Found a runed translucent door.
 25966 | Gauntlet | Found a transporter.
 25979 | Gauntlet | Found a transporter.
 25983 | Gauntlet | Found a transporter.
 25998 | Gauntlet | Found a transporter.
 26226 | Gauntlet | Received a gift from Trog
 26230 | Gauntlet | Got a brightly glowing amber ring
 26237 | Gauntlet | Identified the ring "Muzozeph" {rElec MR+} (You found it in
                  | a Gauntlet)
 26274 | Gauntlet | Identified the ring "Cireuloy" {Ice rN+ MR+ Str-2 Stlth+}
 26369 | D:14     | Noticed Jorgrun
 26372 | D:14     | Reached skill level 15 in Armour
 26387 | D:14     | Killed Jorgrun
 26506 | D:14     | Noticed Josephine
 26520 | D:14     | Killed Josephine
 26523 | D:14     | Reached skill level 18 in Fighting
 27121 | D:15     | Entered Level 15 of the Dungeon
 27662 | D:15     | Found a sacrificial altar of Ru.
 27711 | D:15     | Received a gift from Trog
 28260 | D:15     | Found a staircase to the Depths.
 28383 | D:13     | Bought a glowing cloak for 217 gold pieces
 28619 | Orc:2    | Bought a runed scarf for 208 gold pieces
 28855 | Shoals:1 | Entered Level 1 of the Shoals
 28855 | Shoals:1 | Found Niepn's Antique Weapon Shoppe.
 29342 | Shoals:1 | Reached skill level 19 in Fighting
 29451 | Shoals:1 | Reached XP level 16. HP: 143/160 MP: 15/15
 30414 | Shoals:2 | Received a gift from Trog
 30442 | Shoals:2 | Got a bloodstained tower shield
 30448 | Shoals:2 | Identified the +8 tower shield of the Twenty Continents
                  | {Dex+4} (You found it on level 2 of the Shoals)
 30665 | Shoals:2 | Reached skill level 15 in Dodging
 30892 | Shoals:3 | Found Xisuur's Magic Scroll Shop.
 31941 | Shoals:3 | Received a gift from Trog
 32237 | Shoals:4 | Entered Level 4 of the Shoals
 32463 | Shoals:4 | Reached skill level 20 in Fighting
 32474 | Shoals:4 | Got an ancient pewter ring
 32496 | Shoals:4 | Identified the ring "Akeodeda" {rF+ Dex+6} (You found it on
                  | level 4 of the Shoals)
 33096 | Shoals:4 | HP: 10/244 [merfolk impaler/+2 trident of freezing (5)]
 33100 | Shoals:4 | HP: 4/244 [poisoned by a sea snake]
 33104 | Shoals:4 | HP: 1/247 [poisoned by a sea snake]
 33105 | Shoals:4 | Succumbed to a sea snake's poison

Illustrated notes

Levels and vault maps discovered:
D:1:      matt_arrival_los_fun, layout_loops_corners
D:2:      layout_loops_ring, old_standard_altar, marbit_many_paths,
          fiery_altar_vehumet, uniq_natasha
D:3:      layout_loops_corners, lemuel_zombie_altar_kikubaaqudgha,
          gammafunk_temple_overflow_arena, eat_drink_and_be_merry_uskayaw,
          first_ration
D:4:      layout_basic, lightli_temple_of_fire, lemuel_crystal_altar,
          kennysheep_mini, minmay_temple_entry_statues_pillars, serial_shops,
          shop, hangedman_feature_mirror, uniq_pikel
D:5:      layout_basic, uniq_duvessa
D:6:      layout_gridville, vehumet_altar_wand_db
D:7:      layout_loops_ring, grunt_temple_overflow_open,
          nicolae_ashenzari_panopticon
D:8:      layout_rooms, overflow_temple_1_default, serial_glass,
          glass_columns_c, glass_columns_a, item_on_display_a,
          item_on_display_a, grunt_livestock
D:9:      layout_basic, uniq_erica, uniq_grum
D:10:     layout_stronghold, hiddenorc2_lemuel, serial_shops, shop, shop
D:11:     layout_long_grid, lair_entry_dummy
D:12:     layout_basic, nrook_pool_corridor, lemuel_mausoleum_altar_yredelemnul,
          uniq_psyche, uniq_kirke, uniq_sonja
D:13:     layout_layer_cave, serial_shops, shop
D:14:     layout_cave_pods, david_vaults_1, minmay_staircase_windowed_large,
          gauntlet_entry_generic, uniq_nessos, uniq_josephine, uniq_jorgrun
D:15:     grunt_enter_depths_hoard, layout_loops_ring, nicolae_ru_path_of_blood,
          minmay_door_square, lightli_wizard_tower
Lair:1:   layout_cave_pods, minmay_holes, uniq_urug
Lair:2:   layout_long_grid, enter_volcano_1
Lair:3:   gammafunk_cloud_chamber, layout_cave_pods,
          nicolae_spider_entry_tight_spaces
Lair:4:   layout_small_grid, elwin_shoals_entry_stream,
          chequers_serial_rivers_marsh, columned_hall_lemuel,
          beast_lair_carwin_1, minmay_lair_oklob_chamber
Lair:5:   layout_cellular_growth, uniq_rupert
Lair:6:   grunt_lair_end_beastmaster, layout_cave_shapes, slime_altar_1,
          lemuel_fruit_tree
Shoals:1: layout_shoals, serial_shops, nicolae_shop_crystal
Shoals:2: layout_shoals
Shoals:3: layout_shoals, serial_shops, shop, centaur_isle
Shoals:4: shoals_end_grunt_ice, layout_shoals, nicolae_shoals_mertower,
          uniq_polyphemus
Orc:1:    cheibrodos_orc_guarddog, layout_diamond_mine, serial_shops,
          shop_statue
Orc:2:    st_orc_rangers, layout_caves, serial_shops, shop

Skill      XL: |  1  2  3  4  5  6  7  8  9 10 11 12 13 14 15 16 |
---------------+-------------------------------------------------+-----
Fighting       | 4 5 6 7 8 9 11 12 14 17 19 20 | 20.3
Axes           | 4 5 6 7 9 11 12 14 16 | 16.1
Armour         | 3 4 5 6 8 9 10 11 13 14 15 16 | 16.8
Dodging        | 3 4 6 7 8 9 11 12 13 14 15 | 15.6

Action                   |  1- 3 |  4- 6 |  7- 9 | 10-12 | 13-15 | 16-18 || total
-------------------------+-------+-------+-------+-------+-------+-------++-------
Melee: Hand axe          |    94 |   193 |   388 |   251 |       |       ||   926
       Headbutt          |    15 |    31 |    74 |   169 |   360 |   114 ||   763
       War axe           |       |       |       |   493 |  1141 |   434 ||  2068
       Broad axe         |       |       |       |       |     2 |       ||     2
Invok: Berserk           |       |       |     8 |    11 |    10 |     5 ||    34
       Trog's Hand       |       |       |     3 |       |     3 |       ||     6
       Brothers in Arms  |       |       |     1 |     2 |     3 |       ||     6
 Abil: Evoke Flight      |       |       |       |       |       |    10 ||    10
  Use: Scroll            |     1 |     1 |     6 |    10 |    18 |     4 ||    40
       Potion            |       |       |     5 |     1 |     1 |       ||     7
 Stab: Petrified         |       |       |       |       |     2 |       ||     2
  Eat: Chunk             |     2 |     8 |    16 |    27 |    29 |    16 ||    98
       Ration            |       |       |     2 |     4 |     6 |     1 ||    13
Armor: Animal skin       |    10 |       |       |       |       |       ||    10
       Plate armour      |    38 |   143 |   322 |   211 |   351 |   206 ||  1271
Dodge: Dodged            |    53 |    80 |   211 |   423 |   661 |   262 ||  1690
